 Dungeon Crawl Stone Soup version 0.29-a0-91-gdebf4667c2 (webtiles) character file.

Game seed: 17724625804822062821

440 jlumianski the Firebug (level 7, 0/53 HPs)
             Began as a Hill Orc Fire Elementalist on Feb 9, 2022.
             Was an Initiate of Beogh.
             Slain by a killer bee (6 damage)
             ... on level 5 of the Dungeon.
             The game lasted 00:24:25 (4769 turns).

jlumianski the Firebug (Hill Orc Fire Elementalist) Turns: 4769, Time: 00:24:26

Health: 0/53       AC:  7    Str: 13    XL:     7   Next: 2%
Magic:  11/11      EV: 11    Int: 15    God:    Beogh [......]
Gold:   228        SH:  0    Dex: 11    Spells: 8/11 levels left

rFire   . . .      SeeInvis .   m - +1 war axe
rCold   . . .      Faith    .   (no shield)
rNeg    . . .      Spirit   .   c - +0 leather armour
rPois   .          Reflect  .   (no helmet)
rElec   .          Harm     .   (no cloak)
rCorr   .          Rampage  .   (no gloves)
Will    .....                   (no boots)
Stlth   ++........              (no amulet)
HPRegen 0.17/turn               b - +4 ring of protection
MPRegen 0.12/turn               (no ring)

@: lethally poisoned (0 -> -10), about to teleport
A: no striking features
a: Renounce Religion


You were on level 5 of the Dungeon.
You worshipped Beogh.
Beogh was noncommittal.
You visited 1 branch of the dungeon, and saw 5 of its levels.

You collected 228 gold pieces.

Inventory:

Hand Weapons
 d - a +0 whip
 e - a +0 dagger
 g - a +0 hand axe
 h - a +3 arbalest
 k - a +1 whip of flaming
 m - a +1 war axe (weapon)
 o - a +0 hunting sling
 v - a +0 vorpal long sword
 z - a +3 dagger
 B - a +1 mace of venom
Missiles
 f - 78 arrows
 i - 8 poisoned darts (quivered)
 l - 208 stones
 r - 15 bolts
Armour
 a - a +0 robe
 c - a +0 leather armour (worn)
Jewellery
 b - a +4 ring of protection (left hand)
Wands
 t - a wand of flame (8)
Scrolls
 u - a scroll of fear
 y - 3 scrolls of teleportation
 A - a scroll of amnesia {unknown}
Potions
 j - a potion of berserk rage
 n - a potion of haste
 p - a potion of brilliance
 q - 2 potions of heal wounds
 w - a potion of invisibility
 x - a potion of flight {unknown}


   Skills:
 + Level 1.8 Fighting
 * Level 4.2 Axes
 + Level 2.6 Armour
 + Level 2.0 Dodging
 + Level 1.8 Stealth
 + Level 2.9 Spellcasting
 + Level 1.5 Conjurations
 + Level 4.7 Fire Magic


You had 8 spell levels left.
You knew the following spells:

 Your Spells              Type           Power      Damage    Failure   Level
a - Foxfire               Conj/Fire      44%        2x1d6     7%          1
b - Scorch                Fire           32%        2d6       5%          2

Your spell library contained the following spells:

 Spells                   Type           Power      Damage    Failure   Level
 Conjure Flame            Conj/Fire      11%        6-21      22%         3
 Inner Flame              Hex/Fire       9%         N/A       28%         3
 Stone Arrow              Conj/Erth      8%         3d7       50%         3
 Flame Wave               Conj/Fire      11%        2d5       56%         4
 Animate Armour           Summ/Erth      4%         N/A       95%         4
 Freezing Cloud           Conj/Ice/Air   1%         6-21      99%         5
 Simulacrum               Ice/Necr       1%         N/A       100%        6
 Lehudib's Crystal Spear  Conj/Erth      2%         10d2      100%        8
 Polar Vortex             Ice            1%         N/A       100%        9


Dungeon Overview and Level Annotations

Branches:
Dungeon (5/15)
 Temple: D:4-7

Altars:
Hepliaklqana
Vehumet
Zin


Message History

Found a pair of gloves.
Found a stone staircase leading down. 3 killer bees come into view.
Found 4 stones.
The killer bee buzzes angrily.
You hear an angry growl.
The killer bee moves out of view. 2 killer bees come into view.
The killer bee buzzes angrily. x3
A killer bee comes into view.
The killer bee buzzes angrily.
A black bear comes into view.
The killer bee closely misses you.
You see here 15 gold pieces.
The killer bee stings you but does no damage.
The killer bee stings you. The killer bee barely misses you.
The killer bee stings you.
You are poisoned.
The killer bee poisons you! The killer bee stings you.
You are more poisoned.
The killer bee poisons you!
You feel very sick. The killer bee stings you.
You are more poisoned.
The killer bee poisons you!
As you read the scroll of teleportation, it crumbles to dust.
You feel strangely unstable.
You feel very sick. The killer bee stings you!
* * * LOW HITPOINT WARNING * * *
You are lethally poisoned!
The killer bee poisons you!
* * * LOW HITPOINT WARNING * * *
You feel very sick. The killer bee stings you!
* * * LOW HITPOINT WARNING * * *
You feel better. The killer bee stings you.
* * * LOW HITPOINT WARNING * * *
You are lethally poisoned!
The killer bee poisons you! The killer bee stings you.
You die...

)....### #.# .......###.#
..#.##.. ... .....8..##.#
#.#.##.# ...# ......_.##.# #
#.#.##.# ...#
####.8..##.#.##.#.#.##.# ....#
................#.#.##.##....#
......####.#.####.#........[..
......# #..#.#..y.#y..........
......# #....#..@yyyy.h....>..
####### #..###..####..$.......
#########..###..# #........(.
................# #..........
##########..###.# #..........
#..###.# #.......... #......#
#.......... #.######
#.......... ####)###
#..........


You could see a black bear and 6 killer bees.

Vanquished Creatures
  A gnoll sergeant (D:5)
  A water moccasin zombie (D:5)
  A scorpion (D:5)
  A bullfrog zombie (D:5)
  2 iguanas
  4 gnolls
  4 adders
  An ufetubus (D:4)
  3 worms
  2 dart slugs (D:2)
  12 orcs
  4 ball pythons
  6 bats
  9 endoplasms
  2 giant cockroaches
  8 goblins
  8 hobgoblins
  5 quokkas
  A frilled lizard (D:2)
  5 kobolds
  6 rats
86 creatures vanquished.

Vanquished Creatures (others)
  113 foxfires
113 creatures vanquished.

Grand Total: 199 creatures vanquished

Notes
Turn   | Place    | Note
-------+----------+-------------------------------------------
     0 | D:1      | jlumianski the Hill Orc Fire Elementalist began the quest
                  | for the Orb.
     0 | D:1      | Reached XP level 1. HP: 14/14 MP: 3/3
   182 | D:1      | Reached XP level 2. HP: 20/20 MP: 2/4
   392 | D:2      | Learned a level 2 spell: Scorch
   495 | D:1      | Reached XP level 3. HP: 26/26 MP: 0/5
   755 | D:1      | Found a faded altar of an unknown god.
   986 | D:2      | Reached skill level 1 in Axes
  1488 | D:2      | Reached XP level 4. HP: 19/33 MP: 3/6
  2210 | D:4      | Found a radiant altar of Vehumet.
  2261 | D:4      | Reached skill level 1 in Fighting
  2424 | D:3      | Reached skill level 1 in Armour
  2747 | D:3      | Reached XP level 5. HP: 39/40 MP: 4/8
  2788 | D:3      | Became a worshipper of Beogh the Brigand
  3663 | D:5      | Entered Level 5 of the Dungeon
  3708 | D:5      | Reached XP level 6. HP: 45/47 MP: 4/9
  3815 | D:5      | Found a hazy altar of Hepliaklqana.
  4156 | D:4      | Found a glowing silver altar of Zin.
  4664 | D:5      | Reached XP level 7. HP: 45/53 MP: 9/11
  4768 | D:5      | HP: 2/53 [killer bee (8)]
  4769 | D:5      | Slain by a killer bee

Illustrated notes

Levels and vault maps discovered:
D:1:      dpeg_arrival_tiny_a, layout_rooms,
          shapermc_ecumenical_altar_mp_highgroup, chequers_garden
D:2:      layout_loops_ring, guppyfry_early_orc_mine
D:3:      layout_basic, supply_closet_lemuel, minmay_pentomino_pile
D:4:      layout_rooms, mainiacjoe_overflow_alcove_1, vehumet_altar_wand_db
D:5:      layout_basic, hangedman_feature_mirror

Skill      XL: |  1  2  3  4  5  6 |
---------------+-------------------+-----
Axes           | 1 2 3 4 |  4.2
Fire Magic     | 4 |  4.7
Fighting       | 1 |  1.8
Armour         | 1 2 |  2.6
Spellcasting   | 2 |  2.9
Dodging        | 2 |  2.0
Stealth        | |  1.8
Conjurations   | |  1.5

Action                   |  1- 3 |  4- 6 |  7- 9 || total
-------------------------+-------+-------+-------++-------
Melee: Dagger            |    13 |       |       ||    13
       Hand axe          |     5 |       |       ||     5
       Punch             |     3 |     1 |       ||     4
       War axe           |    21 |    97 |       ||   118
 Cast: Foxfire           |    36 |    31 |       ||    67
       Scorch            |     8 |    30 |       ||    38
Invok: Convert to Beogh  |       |     1 |       ||     1
  Use: Scroll            |     2 |     5 |     1 ||     8
       Potion            |       |     2 |     1 ||     3
 Stab: Sleeping          |     2 |     1 |       ||     3
Armor: Leather armour    |    22 |    56 |     1 ||    79
Dodge: Dodged            |    40 |    82 |     2 ||   124

Table legend: (Time is in decaauts)
 A = Elapsed time spent in this place.
 B = Non-inter-level travel time spent in this place.
 C = Inter-level travel time spent in this place.
 D = Time resting spent in this place.
 E = Time spent auto-exploring this place.
 F = Levels seen in this place.
 G = Mean time per level.
                   A        B        C        D        E       F      G
               +--------+--------+--------+--------+--------+-----+--------+
         Total |   4828 |   4746 |     82 |    676 |   2602 |   5 |  965.6 |
       Dungeon |   4828 |   4746 |     82 |    676 |   2602 |   5 |  965.6 |
               +--------+--------+--------+--------+--------+-----+--------+

Top non-repeatable levels by time:
     D:2: 1381 daAuts
     D:3: 1129 daAuts
     D:4: 912 daAuts
     D:1: 802 daAuts
     D:5: 601 daAuts
